2518 views
Uploaded 2021-11-06 15:18:35
Game version 1.32.10
20:33 long 2on2 ladder game on (4)TidewaterGlades_LV
Saved by qiqi214
2518 views
Uploaded 2021-11-06 15:18:35
Game version 1.32.10
20:33 long 2on2 ladder game on (4)TidewaterGlades_LV

63 units @ 9.8k
/ 1.5k
42 buildings @ 5.3k
/ 2.3k


| Peasant | 7 | 525 | / | 0 |
| Footman | 12 | 1620 | / | 0 |
| Rifleman | 8 | 1640 | / | 240 |
| Priest | 2 | 270 | / | 20 |
| Mortar Team | 1 | 180 | / | 70 |
| Dark Troll Shadow Priest | 1 | 195 | / | 10 |
| Dark Troll Berserker | 1 | 255 | / | 30 |
| total: | 32 | 4685g | / | 370w |
| Scout Tower | 5 | 150 | / | 100 |
| Guard Tower | 5 | 350 | / | 250 |
| Barracks | 2 | 320 | / | 120 |
| Altar of Kings | 1 | 180 | / | 50 |
| Farm | 13 | 1040 | / | 260 |
| Lumber Mill | 1 | 120 | / | 0 |
| Blacksmith | 1 | 140 | / | 60 |
| Town Hall | 1 | 385 | / | 205 |
| Arcane Sanctum | 1 | 150 | / | 140 |
| Workshop | 1 | 140 | / | 140 |
| Keep | 1 | 320 | / | 210 |
| Castle | 1 | 360 | / | 210 |
| total: | 26 | 2625g | / | 1075w |
| 0:10 | Peasant |
| 0:11 | Peasant |
| 0:17 | Barracks |
| 0:26 | Altar of Kings |
| 0:37 | Peasant |
| 1:01 | Peasant |
| 1:26 | Farm |
| 1:34 | Farm |
| 1:46 | Lumber Mill |
| 1:48 | Footman |
| 1:48 | Footman |
| 2:14 | Farm |
| 2:32 | Farm |
| 2:50 | Peasant |
| 2:52 | Footman |
| 3:04 | Scout Tower |
| 3:09 | Farm |
| 3:12 | Footman |
| 3:14 | Footman |
| 3:20 | Blizzard |
| 3:30 | Guard Tower |
| 3:33 | Scout Tower |
| 3:53 | Farm |
| 4:02 | Footman |
| 4:02 | Footman |
| 4:09 | Farm |
| 4:13 | Guard Tower |
| 5:18 | Footman |
| 5:18 | Footman |
| 5:19 | Keep |
| 5:24 | Scout Tower |
| 5:28 | Scout Tower |
| 6:05 | Dark Troll Shadow Priest |
| 6:14 | Dark Troll Berserker |
| 6:18 | Summon Water Elemental |
| 6:23 | Guard Tower |
| 6:40 | Scout Tower |
| 6:42 | Guard Tower |
| 6:46 | Improved Masonry |
| 6:55 | Blacksmith |
| 7:07 | Farm |
| 7:11 | Guard Tower |
| 7:54 | Improved Lumber Harvesting |
| 7:57 | Peasant |
| 7:57 | Peasant |
| 8:26 | Farm |
| 8:40 | Rifleman |
| 9:08 | Farm |
| 9:24 | Holy Light |
| 9:47 | Rifleman |
| 9:47 | Rifleman |
| 10:53 | Footman |
| 10:55 | Rifleman |
| 10:58 | Barracks |
| 11:02 | Iron Plating |
| 11:02 | Studded Leather Armor |
| 11:49 | Rifleman |
| 12:17 | Rifleman |
| 12:19 | Footman |
| 12:20 | Footman |
| 12:28 | Black Gunpowder |
| 12:31 | Steel Plating |
| 12:36 | Brilliance Aura |
| 13:24 | Arcane Sanctum |
| 13:29 | Rifleman |
| 14:57 | Devotion Aura |
| 15:08 | Priest |
| 15:08 | Priest |
| 15:12 | Castle |
| 15:36 | Town Hall |
| 16:22 | Farm |
| 16:26 | Advanced Masonry |
| 16:31 | Workshop |
| 16:48 | Priest Adept Training |
| 17:02 | Farm |
| 17:08 | Farm |
| 19:01 | Rifleman |
| 19:07 | Mortar Team |
| Right click | 453 |
| Select | 200 |
| Build/train/purchase | 57 |
| Use ability | 12 |
| Misc. action | 6 |
| Remove unit | 2 |
| Item give/drop | 1 |



| Staff of Preservation | 2 | 300 |
| Boots of Speed | 1 | 250 |
| Staff of Teleportation | 1 | 150 |
| total: | 4 | 700g |
| Wisp | 15 | 900 | / | 0 |
| Druid of the Claw | 7 | 1785 | / | 560 |
| Dryad | 3 | 435 | / | 180 |
| Chimaera | 6 | 1980 | / | 420 |
| total: | 31 | 5100g | / | 1160w |
| Ancient Protector | 1 | 135 | / | 80 |
| Altar of Elders | 1 | 180 | / | 50 |
| Moon Well | 8 | 1440 | / | 320 |
| Hunter's Hall | 1 | 210 | / | 100 |
| Ancient of Wonders | 1 | 90 | / | 30 |
| Ancient of Lore | 2 | 310 | / | 290 |
| Chimaera Roost | 2 | 280 | / | 380 |
| Tree of Ages | 2 | 640 | / | 360 |
| Tree of Eternity | 2 | 660 | / | 400 |
| total: | 16 | 2645g | / | 1250w |
| 0:03 | Wisp |
| 0:07 | Altar of Elders |
| 0:10 | Wisp |
| 0:23 | Moon Well |
| 0:25 | Wisp |
| 0:25 | Wisp |
| 0:30 | Wisp |
| 0:30 | Wisp |
| 0:50 | Moon Well |
| 0:53 | Wisp |
| 0:53 | Wisp |
| 1:00 | Wisp |
| 1:00 | Wisp |
| 1:38 | Wisp |
| 1:38 | Wisp |
| 1:38 | Wisp |
| 1:56 | Wisp |
| 1:56 | Wisp |
| 2:06 | Hunter's Hall |
| 2:14 | Moon Well |
| 2:21 | Mana Burn |
| 2:44 | Tree of Ages |
| 2:49 | Moon Well |
| 3:26 | Ultravision |
| 4:47 | Boots of Speed |
| 4:47 | Staff of Teleportation |
| 5:04 | Tree of Eternity |
| 5:11 | Ancient of Lore |
| 5:11 | Ancient of Lore |
| 5:36 | Moon Well |
| 5:37 | Moon Well |
| 6:09 | Howl of Terror |
| 6:24 | Druid of the Claw |
| 6:35 | Druid of the Claw Adept Training |
| 6:56 | Druid of the Claw |
| 6:56 | Druid of the Claw |
| 7:24 | Druid of the Claw |
| 7:44 | Druid of the Claw |
| 7:56 | Druid of the Claw Master Training |
| 8:13 | Cleaving Attack |
| 8:21 | Druid of the Claw |
| 8:23 | Evasion |
| 8:41 | Druid of the Claw |
| 8:48 | Ancient of Wonders |
| 9:00 | Dryad |
| 9:36 | Strength of the Wild |
| 9:38 | Abolish Magic |
| 9:40 | Mark of the Claw |
| 9:42 | Chimaera Roost |
| 10:25 | Well Spring |
| 10:26 | Reinforced Hides |
| 10:27 | Nature's Blessing |
| 10:33 | Staff of Preservation |
| 11:04 | Chimaera Roost |
| 11:27 | Corrosive Breath |
| 12:31 | Chimaera |
| 13:21 | Chimaera |
| 13:46 | Improved Strength of the Wild |
| 14:02 | Ancient Protector |
| 14:12 | Chimaera |
| 14:30 | Staff of Preservation |
| 14:53 | Improved Reinforced Hides |
| 15:36 | Moon Well |
| 15:40 | Advanced Strength of the Wild |
| 16:35 | Chimaera |
| 18:00 | Dryad |
| 18:13 | Advanced Reinforced Hides |
| 18:36 | Trueshot Aura |
| 18:45 | Dryad |
| 19:01 | Chimaera |
| 19:31 | Moon Well |
| 19:59 | Mana Burn |
| 20:00 | Mana Burn |
| 20:15 | Searing Arrows |
| 20:26 | Chimaera |
| Right click | 575 |
| Select group | 532 |
| Select | 321 |
| Misc. action | 115 |
| Build/train/purchase | 94 |
| Assign group | 58 |
| Use ability | 39 |
| Chat | 38 |
| Remove unit | 3 |
53 units @ 8.5k
/ 1.3k
33 buildings @ 5.7k
/ 2.6k



| Healing Salve | 12 | 1200 |
| Lesser Clarity Potion | 8 | 560 |
| Scroll of Speed | 2 | 100 |
| Orb of Lightning | 2 | 750 |
| Scroll of Town Portal | 1 | 350 |
| Potion of Lesser Invulnerability | 1 | 150 |
| Boots of Speed | 1 | 250 |
| total: | 27 | 3360g |
| Peon | 19 | 1425 | / | 0 |
| Grunt | 4 | 800 | / | 0 |
| Raider | 3 | 540 | / | 120 |
| Spirit Walker | 4 | 780 | / | 140 |
| Tauren | 3 | 840 | / | 240 |
| Demolisher | 1 | 220 | / | 50 |
| total: | 34 | 4605g | / | 550w |
| Altar of Storms | 1 | 180 | / | 50 |
| Orc Burrow | 6 | 960 | / | 240 |
| Barracks | 1 | 180 | / | 50 |
| Voodoo Lounge | 1 | 130 | / | 30 |
| War Mill | 2 | 410 | / | 0 |
| Great Hall | 2 | 770 | / | 370 |
| Beastiary | 3 | 435 | / | 420 |
| Tauren Totem | 2 | 270 | / | 310 |
| Stronghold | 1 | 315 | / | 190 |
| Fortress | 2 | 650 | / | 380 |
| total: | 18 | 3335g | / | 1470w |
| 0:02 | Peon |
| 0:02 | Peon |
| 0:02 | Peon |
| 0:06 | Altar of Storms |
| 0:16 | Orc Burrow |
| 0:23 | Peon |
| 0:34 | Barracks |
| 0:43 | Peon |
| 1:01 | Peon |
| 1:11 | Peon |
| 1:24 | Orc Burrow |
| 1:36 | Grunt |
| 1:50 | Voodoo Lounge |
| 1:58 | Peon |
| 2:11 | Critical Strike |
| 2:16 | Grunt |
| 2:34 | Grunt |
| 2:59 | Stronghold |
| 3:06 | Healing Salve |
| 3:32 | Grunt |
| 3:44 | Orc Burrow |
| 4:27 | Wind Walk |
| 4:32 | Healing Salve |
| 4:33 | Healing Salve |
| 5:40 | Beastiary |
| 5:52 | Healing Salve |
| 5:52 | Healing Salve |
| 6:03 | Lesser Clarity Potion |
| 6:04 | Lesser Clarity Potion |
| 6:04 | Lesser Clarity Potion |
| 6:10 | Berserker Strength |
| 6:14 | Orc Burrow |
| 6:20 | Scroll of Speed |
| 6:29 | Hex |
| 6:44 | Pillage |
| 7:10 | Raider |
| 7:10 | Ensnare |
| 7:14 | Tauren Totem |
| 7:21 | Peon |
| 7:54 | Wind Walk |
| 8:07 | Fortress |
| 8:20 | Healing Wave |
| 8:27 | Scroll of Town Portal |
| 8:29 | Potion of Lesser Invulnerability |
| 8:39 | War Mill |
| 9:05 | Great Hall |
| 9:08 | Raider |
| 9:17 | Boots of Speed |
| 9:33 | Spirit Walker |
| 9:42 | Raider |
| 11:34 | Healing Wave |
| 11:44 | Spirit Walker |
| 11:45 | Spirit Walker |
| 11:46 | Peon |
| 11:47 | Peon |
| 11:47 | Peon |
| 11:47 | Peon |
| 12:10 | Critical Strike |
| 13:09 | Tauren |
| 13:11 | Spirit Walker Adept Training |
| 13:12 | Spirit Walker |
| 13:15 | Orc Burrow |
| 13:18 | Orc Burrow |
| 13:20 | Peon |
| 13:24 | Healing Salve |
| 13:24 | Healing Salve |
| 13:24 | Healing Salve |
| 13:32 | Lesser Clarity Potion |
| 13:33 | Lesser Clarity Potion |
| 13:37 | Orb of Lightning |
| 13:44 | Scroll of Speed |
| 13:49 | Peon |
| 13:53 | Great Hall |
| 13:58 | Tauren Totem |
| 13:59 | Peon |
| 14:05 | Lesser Clarity Potion |
| 14:09 | Endurance Aura |
| 15:12 | Spirit Walker Master Training |
| 15:14 | Pulverize |
| 15:14 | Tauren |
| 15:23 | Healing Salve |
| 15:23 | Healing Salve |
| 15:23 | Lesser Clarity Potion |
| 15:23 | Lesser Clarity Potion |
| 15:26 | Healing Salve |
| 15:26 | Healing Salve |
| 15:44 | Steel Armor |
| 15:50 | Orb of Lightning |
| 16:33 | Tauren |
| 16:42 | Peon |
| 16:42 | Peon |
| 17:02 | Beastiary |
| 17:04 | Beastiary |
| 17:06 | Steel Ranged Weapons |
| 18:05 | Burning Oil |
| 18:05 | Demolisher |
| 18:08 | War Stomp |
| 18:19 | Envenomed Spears |
| 18:25 | Peon |
| 18:39 | Thorium Armor |
| 18:41 | War Mill |
| 20:01 | Hex |
| 20:15 | Wind Walk |
| Right click | 1136 |
| Select group | 849 |
| Select | 289 |
| Misc. action | 200 |
| Build/train/purchase | 114 |
| Assign group | 108 |
| Use ability | 62 |
| Chat | 52 |
| Minimap ping | 16 |
| Item give/drop | 8 |
| Esc | 4 |
| Remove unit | 1 |



| Rod of Necromancy | 5 | 750 |
| Orb of Corruption | 1 | 375 |
| Potion of Lesser Invulnerability | 1 | 150 |
| total: | 7 | 1275g |
| Acolyte | 3 | 225 | / | 0 |
| Ghoul | 3 | 360 | / | 0 |
| Crypt Fiend | 8 | 1720 | / | 320 |
| Obsidian Statue | 2 | 400 | / | 70 |
| Frost Wyrm | 3 | 1155 | / | 360 |
| total: | 19 | 3860g | / | 750w |
| Nerubian Tower | 1 | 100 | / | 20 |
| Crypt | 1 | 200 | / | 50 |
| Graveyard | 1 | 215 | / | 0 |
| Altar of Darkness | 1 | 180 | / | 50 |
| Ziggurat | 7 | 1050 | / | 350 |
| Tomb of Relics | 1 | 130 | / | 30 |
| Slaughterhouse | 2 | 280 | / | 270 |
| Boneyard | 2 | 350 | / | 400 |
| Halls of the Dead | 2 | 640 | / | 420 |
| Black Citadel | 2 | 650 | / | 460 |
| total: | 15 | 2405g | / | 1150w |
| 0:04 | Acolyte |
| 0:04 | Acolyte |
| 0:11 | Crypt |
| 0:22 | Graveyard |
| 0:42 | Altar of Darkness |
| 0:57 | Ziggurat |
| 1:13 | Tomb of Relics |
| 1:25 | Ghoul |
| 1:42 | Ziggurat |
| 2:02 | Crypt Fiend |
| 2:28 | Crypt Fiend |
| 2:51 | Rod of Necromancy |
| 2:53 | Death Coil |
| 3:09 | Nerubian Tower |
| 3:11 | Crypt Fiend |
| 4:13 | Crypt Fiend |
| 4:18 | Ziggurat |
| 4:20 | Creature Attack |
| 4:20 | Improved Creature Attack |
| 4:21 | Creature Carapace |
| 4:36 | Unholy Aura |
| 4:49 | Ghoul |
| 4:49 | Ghoul |
| 5:32 | Halls of the Dead |
| 6:02 | Crypt Fiend |
| 6:07 | Rod of Necromancy |
| 6:07 | Rod of Necromancy |
| 6:52 | Death Coil |
| 7:13 | Ziggurat |
| 8:08 | Acolyte |
| 8:11 | Slaughterhouse |
| 8:13 | Web |
| 8:55 | Slaughterhouse |
| 9:00 | Black Citadel |
| 9:03 | Rod of Necromancy |
| 9:04 | Rod of Necromancy |
| 9:10 | Impale |
| 9:30 | Obsidian Statue |
| 9:37 | Burrow |
| 9:38 | Ziggurat |
| 10:32 | Obsidian Statue |
| 10:34 | Advanced Creature Attack |
| 10:35 | Improved Creature Carapace |
| 11:51 | Crypt Fiend |
| 11:53 | Boneyard |
| 11:57 | Boneyard |
| 12:29 | Unholy Aura |
| 12:29 | Unholy Aura |
| 12:34 | Spiked Carapace |
| 12:44 | Destroyer Form |
| 12:47 | Crypt Fiend |
| 12:47 | Crypt Fiend |
| 13:19 | Frost Wyrm |
| 13:24 | Ziggurat |
| 13:56 | Orb of Corruption |
| 14:17 | Frost Nova |
| 14:19 | Impale |
| 14:44 | Potion of Lesser Invulnerability |
| 15:04 | Frost Wyrm |
| 15:05 | Frost Wyrm |
| 17:17 | Freezing Breath |
| 18:08 | Advanced Creature Carapace |
| 18:21 | Ziggurat |
| 20:25 | Frost Armor |
| 20:30 | Death Coil |
| 20:31 | Death Coil |
| Select group | 803 |
| Misc. action | 406 |
| Right click | 323 |
| Select | 271 |
| Build/train/purchase | 93 |
| Assign group | 40 |
| Use ability | 28 |
| Item give/drop | 6 |
| Minimap ping | 4 |